 Dungeon Crawl Stone Soup version 0.27.1-34-g3ba077fa99 (webtiles) character file.

Game seed: 13835205848085904673

52 Akaron the Shield-Bearer (level 3, -1/26 HPs)
             Began as an Octopode Fighter on Jan 23, 2022.
             Slain by a goblin (5 damage)
             ... led by Robin
             ... on level 4 of the Dungeon.
             The game lasted 00:02:37 (1928 turns).

Akaron the Shield-Bearer (Octopode Fighter)         Turns: 1928, Time: 00:02:38

Health: -1/26      AC:  1    Str: 15    XL:     3   Next: 85%
Magic:  3/3        EV: 13    Int: 10    God:
Gold:   76         SH:  4    Dex: 12    Spells: 2/2 levels left

rFire    . . .     SeeInvis .     - Unarmed
rCold    . . .     Faith    .   k - +0 buckler
rNeg     . . .     Spirit   .   (helmet restricted)
rPois    .         Reflect  .   h - amulet of magic regeneration
rElec    .         Harm     .   (no ring)
rCorr    .         Rampage  .   (no ring)
Will     .....                  (no ring)
Stlth    +++.......             (no ring)
HPRegen  0.08/turn              (no ring)
MPRegen  0.33/turn              (no ring)
                                (no ring)
                                (no ring)

@: no status effects
A: almost no armour, amphibious, 8 rings, camouflage 1, gelatinous body 1,
(nimble swimmer 1), tentacles
a: no special abilities


You were on level 4 of the Dungeon.
You visited 1 branch of the dungeon, and saw 4 of its levels.

You collected 76 gold pieces.

Inventory:

Missiles
 d - 5 poisoned darts (quivered)
Armour
 a - a +0 kite shield
 k - a +0 buckler (worn)
Jewellery
 h - an amulet of magic regeneration (around mantle)
Scrolls
 j - a scroll of teleportation {unknown}
 m - 2 scrolls of identify {unknown}
Potions
 b - a potion of might
 c - a potion of degeneration {unknown}
 e - a potion of mutation {unknown}
 f - a potion of lignification {unknown}
 g - a potion of flight {unknown}
 i - a potion of curing {unknown}
 l - a potion of haste {unknown}


   Skills:
 + Level 3.3 Fighting
 + Level 3.4 Dodging
 + Level 1.6 Stealth
 + Level 3.4 Shields
 + Level 2.5 Unarmed Combat


You had 2 spell levels left.
You didn't know any spells.
Your spell library was empty.

Dungeon Overview and Level Annotations

Branches:
Dungeon (4/15)
 Temple: D:4-7

Altars:

Shops:
D:1 :

Annotations:
D:3 Robin


Innate Abilities, Weirdness & Mutations

You cannot wear most types of armour.
You are amphibious.
You can wear up to eight rings at the same time.
Your skin changes colour to match your surroundings (Stealth+).
Your rubbery body absorbs attacks. (AC +1, EV +1)
((You are camouflaged near water. (Stealth+)))
You have tentacles for arms and can constrict up to eight enemies at once.


Message History

You constrict Terence.
You kill Terence!
Items here: ! ) [ †.
You tentacle-slap the goblin. You grab the goblin.
The goblin is moderately wounded.
You constrict the goblin. You block the goblin's attack.
You tentacle-slap the goblin.
You kill the goblin!
A goblin comes into view. It is wielding a +0 club.
Things that are here:
a +0 club; a goblin corpse A hobgoblin comes into view. 3 goblins, a hobgoblin and Robin come into view.
The hobgoblin shouts!
Robin throws the goblin at you!
The goblin shouts! x2
You tentacle-slap the goblin but do no damage.
You grab the goblin. You constrict the goblin. The goblin barely misses you.
Robin throws the goblin at you! The goblin hits you with a +0 dagger.
* * * LOW HITPOINT WARNING * * *
You block the goblin's attack.
You release your grip on the goblin.
The goblin hits you with a +0 dagger.
* * * LOW HITPOINT WARNING * * *
Things that are here:
a +0 club; a goblin corpse
Items here: ! ) [ †.
There is a stone staircase leading down here.
You climb downwards.
Found 10 gold pieces and 19 arrows.
Found an escape hatch in the ceiling.
There is a stone staircase leading up here.
You tentacle-slap the goblin. Your grab misses the goblin.
You squeeze the goblin, but do no damage.
The goblin is moderately wounded.
The goblin hits you with a +0 club.
* * * LOW HITPOINT WARNING * * *
You barely miss the goblin. You grab the goblin.
Your squeeze misses the goblin.
The goblin is moderately wounded.
You constrict the goblin. The goblin hits you with a +0 club.
You die...

# ### . #. ..
...
#.###.##.##....
#..............
#.g@....$#
####.###(# .#
.. .#. ##<# #


You could see a goblin.

Vanquished Creatures
  Terence (D:3)
  An orc (D:2)
  2 ball pythons
  3 bats
  2 endoplasms (D:1)
  6 goblins
  3 hobgoblins
  2 kobolds
  A quokka (D:2)
  3 frilled lizards
  2 rats (D:2)
26 creatures vanquished.

Notes
Turn   | Place    | Note
-------+----------+-------------------------------------------
     0 | D:1      | Akaron the Octopode Fighter began the quest for the Orb.
     0 | D:1      | Reached XP level 1. HP: 16/16 MP: 1/1
   501 | D:1      | Reached XP level 2. HP: 21/21 MP: 2/2
   529 | D:1      | Found Urorasm's Book Shoppe.
  1363 | D:2      | Reached skill level 1 in Stealth
  1417 | D:2      | Reached XP level 3. HP: 21/26 MP: 3/3
  1510 | D:2      | Found a faded altar of an unknown god.
  1890 | D:3      | Noticed Terence
  1898 | D:3      | Killed Terence
  1912 | D:3      | Noticed Robin
  1928 | D:4      | Slain by a goblin

Illustrated notes

Levels and vault maps discovered:
D:1:      evilmike_arrival_hilbert_curve, layout_rooms, serial_shops,
          nicolae_shop_stone, minmay_cut_off
D:2:      layout_basic, shapermc_ecumenical_altar_petra
D:3:      layout_basic, minmay_starry_boxes, uniq_crazy_yiuf_cottage,
          uniq_robin, uniq_terence
D:4:      layout_loops_ring, lemuel_temple_firewalk_b, uniq_grinder,
          uniq_eustachio

Skill      XL: |  1  2 |
---------------+-------+-----
Stealth        | 1 |  1.6
Fighting       | |  3.3
Dodging        | |  3.4
Shields        | |  3.4
Unarmed Combat | |  2.5

Action                   || total
-------------------------++-------
Melee: Unarmed           ||    65
       Constrict         ||    21
       Tentacles         ||    12
 Stab: Sleeping          ||     5
Armor: Skin              ||     3
Dodge: Dodged            ||    17
Block: Kite shield       ||    19
       Buckler           ||     7
